 Dungeon Crawl Stone Soup version 0.21.1-1-g345015f (webtiles) character file.

1443 kae the Martial Artist (level 8, -3/65 HPs)
             Began as a Demonspawn Monk on Apr 24, 2018.
             Slain by Sigmund
             ... wielding a +0 scythe
              (10 damage)
             ... on level 5 of the Dungeon.
             The game lasted 00:06:26 (5916 turns).

kae the Martial Artist (Demonspawn Monk)            Turns: 5916, Time: 00:06:27

Health: -3/65      AC:  4    Str: 11    XL:     8   Next: 46%
Magic:  8/8        EV: 13    Int: 12    God:
Gold:   212        SH:  0    Dex: 18    Spells: 7/7 levels left

rFire    . . .     SeeInvis .     - Unarmed
rCold    . . .     Gourm    .   (no shield)
rNeg     . . .     Faith    .   a - +0 robe
rPois    .         Spirit   .   (no helmet)
rElec    .         Reflect  +   (no cloak)
rCorr    .         Harm     .   (no gloves)
MR       .....                  c - +1 pair of boots
Stlth    +.........             q - +4 amulet of reflection
HPRegen  0.20/turn              (no ring)
MPRegen  0.11/turn              (no ring)

@: confused
A: hooves 1, powered by pain 2, spiny 2
a: no special abilities


You were on level 5 of the Dungeon.
You were hungry.

You visited 1 branch of the dungeon, and saw 5 of its levels.
You also visited: Sewer.

You collected 212 gold pieces.

Inventory:

Armour
 a - a +0 robe (worn)
 c - a +1 pair of boots (worn)
Jewellery
 q - a +4 amulet of reflection (around neck)
Wands
 h - a wand of flame (26)
Scrolls
 e - 2 scrolls of fear
 i - 2 scrolls of identify
 j - 3 scrolls of blinking
 l - a scroll of remove curse
 m - a scroll of fog
 o - a scroll of noise
Potions
 d - a potion of ambrosia
 f - a potion of curing
 g - a potion of haste
 n - a potion of agility
 r - a potion of lignification
Comestibles
 b - 5 rations


   Skills:
 + Level 6.7 Fighting
 - Level 2.6 Dodging
 - Level 1.7 Stealth
 * Level 8.4 Unarmed Combat


You had 7 spell levels left.
You didn't know any spells.

Dungeon Overview and Level Annotations

Branches:
Dungeon (5/15)
 Temple: D:4-7

Altars:
Ashenzari
Dithmenos
Elyvilon
Sif Muna
Uskayaw
Vehumet

Shops:
D:4 }

Annotations:
D:3 Verendum's ghost, amateur MiGl
D:5 Sigmund


Innate Abilities, Weirdness & Mutations

You have large cloven feet.
You sometimes gain power by taking damage.
You are mostly covered in sharp spines.


Message History

A magic dart appears from out of thin air!
The magic dart hits you!
* * * LOW HITPOINT WARNING * * *
You punch the crimson imp!
You kill the crimson imp!
You hear some strange, mumbled words.
A magic dart appears from out of thin air!
The magic dart hits you!
* * * LOW HITPOINT WARNING * * *
You hear some strange, mumbled words.
You are confused.
Things that are here:
a dagger; a robe; 13 gold pieces You're too confused to move!
You hear some strange, mumbled words.
A puff of flame appears from out of thin air!
The puff of flame hits you!
* * * LOW HITPOINT WARNING * * *
Something hits you!
You die...

####.#.# ##.#.# #
#....#.#####.###. #.
#.##........##### ##.#
#.##.#.#####.##..
###...#####.#...........#..
....#................###...
#...#.##).#..####........
#.....)..#..# #.######.
####.##@.#..# #.# #.
#.##.)...# #.# #.
#.##.{##.####.#### #.
#.##.(#..........# #.
#.##..#..####.##.# #.
#.##.....####.##.# #.
#.............##.# #.
####....########.###.
#.........)<#.....


There were no monsters in sight!

Vanquished Creatures
  The ghost of Mirai the Sneak, a novice KoEn of Okawaru (D:4)
  2 ogres
  4 big kobolds (Sewer)
  A scorpion (D:5)
  A crimson imp (D:5)
  A bullfrog skeleton (D:4)
  2 orc priests (D:4)
  A centaur skeleton (D:4)
  3 orc wizards (D:4)
  5 worker ants
  Robin (D:4)
  7 adders
  10 gnolls
  A howler monkey skeleton (D:4)
  2 river rats (Sewer)
  A shadow imp (D:5)
  4 oozes (Sewer)
  2 adder zombies
  An adder skeleton (D:5)
  6 worms
  3 dart slugs
  2 leopard geckos
  11 orcs
  8 bats
  6 giant cockroaches
  18 goblins
  9 hobgoblins
  3 jackals (D:1)
  3 ball pythons
  6 frilled lizards
  A giant cockroach zombie (D:5)
  13 kobolds
  A leopard gecko zombie (D:5)
  17 rats
157 creatures vanquished.

Notes
Turn   | Place    | Note
-------+----------+-------------------------------------------
     0 | D:1      | kae the Demonspawn Monk began the quest for the Orb.
     0 | D:1      | Reached XP level 1. HP: 18/18 MP: 1/1
   100 | D:1      | Reached skill level 3 in Unarmed Combat
   266 | D:1      | Gained mutation: You are partially covered in sharp spines. [demonic ancestry]
   266 | D:1      | Reached XP level 2. HP: 21/24 MP: 2/2
   609 | D:1      | Gained mutation: You are mostly covered in sharp spines. [demonic ancestry]
   609 | D:1      | Reached XP level 3. HP: 28/29 MP: 3/3
  1007 | D:2      | Found a shadowy altar of Dithmenos.
  1053 | D:2      | Reached skill level 4 in Unarmed Combat
  1054 | D:2      | Reached XP level 4. HP: 27/37 MP: 4/4
  1351 | D:2      | Found a radiant altar of Vehumet.
  1521 | D:3      | Found a shattered altar of Ashenzari.
  1521 | D:3      | Found a deep blue altar of Sif Muna.
  1702 | D:3      | Noticed Verendum's ghost (amateur MiGl)
  1949 | D:3      | Found a glowing drain.
  1973 | Sewer    | Entered a sewer
  2253 | Sewer    | Noticed a big kobold
  2263 | Sewer    | Killed a big kobold
  2263 | Sewer    | Reached XP level 5. HP: 27/43 MP: 5/5
  2446 | Sewer    | Reached skill level 5 in Unarmed Combat
  2452 | Sewer    | Gained mutation: You sometimes gain a little power by taking damage. [demonic ancestry]
  2452 | Sewer    | Reached XP level 6. HP: 21/49 MP: 6/6
  2807 | Sewer    | Reached skill level 5 in Fighting
  3049 | Sewer    | Reached skill level 6 in Unarmed Combat
  3233 | D:4      | Noticed Robin
  3542 | D:4      | Killed Robin
  3553 | D:4      | Gained mutation: You have large cloven feet. [demonic ancestry]
  3553 | D:4      | Reached XP level 7. HP: 22/56 MP: 7/7
  3847 | D:4      | Noticed Mirai's ghost (novice KoEn)
  3866 | D:4      | Killed Mirai's ghost
  3866 | D:4      | Reached skill level 7 in Unarmed Combat
  4187 | D:4      | Found Ciutom's Gadget Emporium.
  4256 | D:4      | Gained mutation: You sometimes gain power by taking damage. [demonic ancestry]
  4256 | D:4      | Reached XP level 8. HP: 38/64 MP: 8/8
  4973 | D:3      | Found a white marble altar of Elyvilon.
  5039 | D:5      | Entered Level 5 of the Dungeon
  5058 | D:5      | Reached skill level 8 in Unarmed Combat
  5175 | D:5      | Noticed Sigmund
  5609 | D:5      | Found a hide-covered altar of Uskayaw.
  5916 | D:5      | Slain by Sigmund

Skill      XL: |  1  2  3  4  5  6  7  8 |
---------------+-------------------------+-----
Unarmed Combat | 3 4 5 6 7 8 |  8.4
Fighting       | 4 5 6 |  6.7
Dodging        | |  2.6
Stealth        | |  1.7

Action                   |  1- 3 |  4- 6 |  7- 9 || total
-------------------------+-------+-------+-------++-------
Melee: Unarmed           |    93 |   215 |   165 ||   473
       Punch             |     2 |     4 |     6 ||    12
Evoke: Wand              |       |       |     4 ||     4
  Use: Scroll            |     4 |     5 |     6 ||    15
       Potion            |       |       |     4 ||     4
 Stab: Sleeping          |    11 |     2 |     4 ||    17
       Distracted        |       |     1 |       ||     1
  Eat: Chunk             |       |     7 |     9 ||    16
Armor: Robe              |     8 |    20 |    11 ||    39
Dodge: Dodged            |    39 |    93 |    77 ||   209
Block: Other             |       |       |    12 ||    12
